 Dungeon Sprint DCSS version 0.24-a0-539-g6aae15e (webtiles) character file.

Game seed: 6636970056142447310

9541 Faca the Severer (level 11, -1/117 HPs)
             Began as a Deep Dwarf Fighter on Aug 18, 2019.
             Was the Champion of Makhleb.
             Shot with an arrow by a deep elf master archer (4 damage)
             ... in the Dungeon (Sprint V: "Ziggurat Sprint").
             The game lasted 00:06:44 (429 turns).

Faca the Severer (Deep Dwarf Fighter)                Turns: 429, Time: 00:06:45

Health: -1/117     AC: 22    Str: 35    XL:     11   Next: 24%
Magic:  21/21      EV:  9    Int:  9    God:    Makhleb [******]
Gold:   0          SH: 18    Dex: 12    Spells: 10/10 levels left

rFire    . . .     SeeInvis +   p - +5 broad axe (freeze)
rCold    . . .     Gourm    .   o - +3 shield
rNeg     . . .     Faith    .   m - +5 storm dragon scales
rPois    .         Spirit   .   a - +0 helmet {SInv}
rElec    +         Reflect  .   (no cloak)
rCorr    .         Harm     .   (no gloves)
MR       +....     NoTele   +   (no boots)
Stlth    ..........             (no amulet)
HPRegen  0.00/turn              J - +6 ring of strength
MPRegen  0.17/turn              K - +6 ring of strength

@: non-regenerating, studying Shields
A: damage resistance, heal wounds, sense surroundings 2, no regeneration
a: Heal Wounds, Minor Destruction, Lesser Servant of Makhleb, Major Destruction,
Greater Servant of Makhleb, Renounce Religion


You were in the Dungeon.
You worshipped Makhleb.
Makhleb was exalted by your worship.
You were not hungry.

You visited 1 branch

Inventory:

Hand Weapons
 p - a +5 broad axe of freezing (weapon)
Armour
 a - a +0 helmet of see invisible (worn)
 l - +5 gold dragon scales
 m - +5 storm dragon scales (worn)
 n - a +3 large shield
 o - a +3 shield (worn)
 L - the +15 Maxwell's patent armour {-Cast -Tele rElec MR+ rCorr}
   (You found it in the Dungeon)

   It insulates you from electricity.
   It affects your resistance to hostile enchantments.
   It prevents spellcasting.
   It prevents most forms of teleportation.
   It provides partial protection from all sources of acid and corrosion.
Jewellery
 E - an uncursed ring of protection from magic
 J - a +6 ring of strength (left hand)
 K - a +6 ring of strength (right hand)
 N - the ring "Ukluz" {+Fly rPois rF+}
   (You found it in the Dungeon)

   [ring of protection from fire]

   It protects you from fire.
   It protects you from poison.
   It lets you fly.
Wands
 y - a wand of disintegration (7)
 C - a wand of iceblast (7)
 D - a wand of acid (7)
Scrolls
 k - 4 scrolls of blinking
 q - 4 scrolls of amnesia
 r - 6 scrolls of fog
 s - a scroll of holy word
 t - 5 scrolls of identify
 u - 5 scrolls of remove curse
 v - 2 scrolls of fear
Potions
 d - 6 potions of might
 e - 10 potions of curing
 g - 5 potions of heal wounds
 h - 13 potions of haste
 i - 7 potions of magic
 j - 3 potions of berserk rage
 w - 2 potions of brilliance
 x - 2 potions of invisibility
 z - 4 potions of resistance
 B - 5 potions of agility
Books
 c - a manual of Shields
Comestibles
 b - 9 chunks of flesh
 f - 7 rations


   Skills:
 + Level 13.4 Fighting
 + Level 15.4 Axes
 + Level 12.3 Armour
 + Level 15.3 Shields
 + Level 13.8 Invocations


You had 10 spell levels left.
You didn't know any spells.
Your spell library contained the following spells:

 Spells                   Type           Power        Failure   Level  Hunger
 Freeze                   Ice            #...         77%         1    ##.....
 Infusion                 Chrm           #...         77%         1    ##.....
 Blink                    Tloc           N/A          88%         2    ###....
 Shroud of Golubria       Chrm/Tloc      #.....       88%         2    ###....
 Slow                     Hex            #.......     88%         2    ###....
 Song of Slaying          Chrm           #.......     88%         2    ###....
 Dazzling Spray           Conj/Hex       #.....       98%         3    ####...
 Gell's Gravitas          Tloc           #.........   98%         3    ####...
 Lesser Beckoning         Tloc           #.........   98%         3    ####...
 Recall                   Summ/Tloc      N/A          98%         3    ####...
 Spectral Weapon          Hex/Chrm       #.......     98%         3    ####...
 Stone Arrow              Conj/Erth      #.....       98%         3    ####...
 Teleport Other           Tloc           #.......     98%         3    ####...
 Tukima's Dance           Hex            #.......     98%         3    ####...
 Animate Dead             Necr           N/A          100%        4    #####..
 Passage of Golubria      Tloc           N/A          100%        4    #####..
 Borgnjor's Vile Clutch   Necr/Erth      #.........   100%        5    ######.
 Metabolic Englaciation   Hex/Ice        #.........   100%        5    ######.
 Death Channel            Necr           #.........   100%        6    #######
 Ozocubu's Refrigeration  Ice            #.........   100%        6    #######
 Simulacrum               Ice/Necr       #.........   100%        6    #######
 Ring of Flames           Chrm/Fire      #.........   100%        7    #######
 Regeneration             Chrm/Necr      Unusable     N/A         3    N/A

Dungeon Overview and Level Annotations

Branches:
Dungeon (1/1)

Altars:
Ashenzari
Cheibriados
Dithmenos
Elyvilon
Fedhas
Gozag
Hepliaklqana
Kikubaaqudgha
Makhleb
Nemelex Xobeh
Okawaru
Qazlal
Ru
Sif Muna
Trog
Uskayaw
Vehumet
Wu Jian
Xom
Yredelemnul
Zin
The Shining One
Beogh
Jiyva
Lugonu


Innate Abilities, Weirdness & Mutations

You are resistant to damage.
You can heal yourself by infusing magical energy.
You passively map the area around you.
You do not regenerate.


Message History

The deep elf master archer shoots an arrow.
You block the arrow.
You barely miss the deep elf master archer.
The deep elf master archer is severely wounded.
The deep elf master archer shoots an arrow.
You block the arrow.
The deep elf master archer shoots an arrow.
The arrow hits you!
* * * LOW HITPOINT WARNING * * *
The deep elf master archer shoots an arrow.
The arrow hits you!!
* * * LOW HITPOINT WARNING * * *
Some of the chunks of flesh in your inventory have rotted away.
The deep elf master archer shoots an arrow.
You block the arrow.
The deep elf master archer shoots an arrow.
The arrow hits you but does no damage.
The deep elf master archer shoots an arrow.
The arrow hits you!
You die...

,, ©8 ≈, , 8 8,
,▓...8©8...▓ * ≈
≈▓..[.:[...▓...[.=|..▓
, ≈
▓..[))[...▓...).}=..▓
▓.........▓.........▓ ≈
▓.........▓.........▓
≈,
,▓.........▓....|....▓
,▓.........▓.........▓
≈ ,,
,,▓...)e§...▓.▓.....▓.▓
≈
*,▓.▓((§@e▓.▓....©....▓
,
≈,▓...§©(...▓▓▓▓▓▓▓▓▓▓▓
▓▓▓▓▓▓▓▓▓▓▓* * * * * *
* , 8 , , ,, , , , ,, ,
, * ,, ,, , , * , , , ,
,, * , , * ,,, ,,,,,, ,
, , ,, ,, ,


You could see 2 deep elf master archers.

Vanquished Creatures
  A deep elf master archer (D)
  3 centaur warriors (D)
  A wretched star (D)
  2 cyclopes (D)
  2 naga magi (D)
  2 yaktaurs (D)
  3 merfolk (D)
  2 jumping spiders (D)
  A hippogriff (D)
  A flying skull (D)
  A shadow (D)
  A yak (D)
  3 nagas (D)
  2 water moccasins (D)
  A large abomination (D)
  2 orc warriors (D)
  2 centaurs (D)
  2 wolves (D)
  4 scorpions (D)
  A crimson imp (D)
  4 orc priests (D)
  An iron imp (D)
  An iguana (D)
  An orc wizard (D)
  2 mummies (D)
  2 adders (D)
  2 shadow imps (D)
  A white imp (D)
  An adder zombie (D)
  An adder simulacrum (D)
  3 orcs (D)
  A jackal (D)
  4 ball pythons (D)
61 creatures vanquished.

Vanquished Creatures (others)
  A water moccasin (D)
1 creature vanquished.

Grand Total: 62 creatures vanquished

Notes
Turn   | Place    | Note
-------+----------+-------------------------------------------
     0 | D        | Faca the Deep Dwarf Fighter began the quest for the Orb.
     0 | D        | Reached XP level 1. HP: 20/20 MP: 1/1
     3 | D        | Found a blossoming altar of Fedhas.
     4 | D        | Found the +6 Majin-Bo {vamp, Archmagi MP+6 Int+6}
     4 | D        | Found the +7 great mace "Firestarter" {inner flame, rF++}
     5 | D        | Found a viscous altar of Jiyva.
     5 | D        | Found a hazy altar of Hepliaklqana.
     5 | D        | Found a transporter.
     5 | D        | Found an opulent altar of Gozag.
     5 | D        | Found an ancient bone altar of Kikubaaqudgha.
     5 | D        | Found a corrupted altar of Lugonu.
    10 | D        | Found a burning altar of Makhleb.
    11 | D        | Found a sacrificial altar of Ru.
    11 | D        | Found a stormy altar of Qazlal.
    11 | D        | Found a shimmering blue altar of Sif Muna.
    11 | D        | Found an iron altar of Okawaru.
    11 | D        | Found a bloodstained altar of Trog.
    11 | D        | Found a sparkling altar of Nemelex Xobeh.
    29 | D        | Found the +9 heavy crossbow "Sniper" {velocity, Acc+∞ SInv}
    29 | D        | Found the +10 dark maul {crush}
    29 | D        | Found the +15 Maxwell's patent armour {-Cast -Tele rElec
                  | MR+ rCorr}
    29 | D        | Found the +18 shield of the Gong {rElec rN+ MR+ EV-5}
    29 | D        | Found the cursed +14 obsidian axe {chop, +Fly SInv *Curse}
    31 | D        | Found the +6 shillelagh "Devastator" {shatter}
    31 | D        | Found the +11 plutonium sword {*Contam Stlth-}
    31 | D        | Found the +8 lance "Wyrmbane" {slay drac, rPois rF+ rC+
                  | AC+3}
    31 | D        | Found the +9 sword of Zonguldrok {reap}
    31 | D        | Found the cursed +13 scythe of Curses {drain, *Curse}
    31 | D        | Found the +0 sword of Power
    31 | D        | Found the +7 mace of Variability {chain chaos}
    31 | D        | Found the +7 Singing Sword {slice, sonic wave}
    31 | D        | Found the +8 storm bow {elec, penet}
    42 | D        | Became a worshipper of Makhleb the Destroyer
    47 | D        | Reached skill level 5 in Fighting
    47 | D        | Reached XP level 2. HP: 32/32 MP: 2/2
    78 | D        | Entered arena 2.
    78 | D        | Noticed a scorpion
    78 | D        | Noticed a scorpion
    78 | D        | Found a transporter.
    80 | D        | Killed a scorpion
    80 | D        | Reached XP level 3. HP: 42/42 MP: 3/3
    81 | D        | Killed a scorpion
    81 | D        | Reached XP level 4. HP: 47/51 MP: 4/4
    97 | D        | Entered arena 3.
    97 | D        | Found a transporter.
   100 | D        | Reached * piety under Makhleb
   103 | D        | Reached XP level 5. HP: 53/58 MP: 5/5
   110 | D        | Entered arena 4.
   110 | D        | Noticed a flying skull
   110 | D        | Found a transporter.
   115 | D        | Killed a flying skull
   115 | D        | Reached ** piety under Makhleb
   115 | D        | Reached skill level 10 in Axes
   115 | D        | Reached XP level 6. HP: 55/69 MP: 6/6
   130 | D        | Entered arena 5.
   130 | D        | Noticed a jumping spider
   130 | D        | Noticed a jumping spider
   130 | D        | Found a transporter.
   136 | D        | Reached *** piety under Makhleb
   136 | D        | Reached skill level 1 in Invocations
   138 | D        | Killed a jumping spider
   138 | D        | Reached skill level 10 in Fighting
   138 | D        | Reached skill level 5 in Armour
   138 | D        | Reached skill level 5 in Shields
   138 | D        | Reached XP level 7. HP: 62/79 MP: 6/10
   141 | D        | Killed a jumping spider
   141 | D        | Reached skill level 5 in Invocations
   148 | D        | Entered arena 6.
   148 | D        | Noticed a yak
   148 | D        | Found a transporter.
   151 | D        | Reached **** piety under Makhleb
   155 | D        | Reached XP level 8. HP: 86/87 MP: 8/12
   191 | D        | Entered arena 7.
   195 | D        | Reached ***** piety under Makhleb
   211 | D        | Found a transporter.
   230 | D        | Entered arena 8.
   230 | D        | Noticed a merfolk
   230 | D        | Noticed a merfolk
   230 | D        | Noticed a merfolk
   230 | D        | Noticed a hippogriff
   233 | D        | Found a transporter.
   235 | D        | Killed a hippogriff
   239 | D        | Killed a merfolk
   240 | D        | Gained mutation: You passively map the area around you.
                  | [Deep Dwarf growth]
   240 | D        | Reached XP level 9. HP: 88/97 MP: 13/15
   242 | D        | Killed a merfolk
   245 | D        | Killed a merfolk
   245 | D        | Reached ****** piety under Makhleb
   259 | D        | Got the Grimoire of the Entrancing Volcanoes
   263 | D        | Entered arena 9.
   264 | D        | Found a transporter.
   268 | D        | Reached skill level 10 in Shields
   280 | D        | Got the ring "Ukluz" {+Fly rPois rF+}
   289 | D        | Entered arena 10.
   289 | D        | Noticed a naga mage
   289 | D        | Noticed a naga mage
   290 | D        | Found a transporter.
   294 | D        | Reached skill level 10 in Invocations
   299 | D        | Killed a naga mage
   300 | D        | Killed a naga mage
   366 | D        | Entered arena 11.
   366 | D        | Noticed a wretched star
   367 | D        | Found a transporter.
   373 | D        | Reached XP level 10. HP: 53/106 MP: 13/16
   374 | D        | Reached skill level 10 in Armour
   384 | D        | Killed a wretched star
   389 | D        | Got the Compendium of Stones and the Frostbite
   405 | D        | Entered arena 12.
   405 | D        | Noticed a deep elf master archer
   405 | D        | Noticed a deep elf master archer
   405 | D        | Noticed a centaur warrior
   405 | D        | Noticed a centaur warrior
   405 | D        | Noticed a cyclops
   410 | D        | Noticed a centaur warrior
   412 | D        | Noticed a cyclops
   413 | D        | Killed a deep elf master archer
   415 | D        | Killed a centaur warrior
   415 | D        | Noticed a deep elf master archer
   420 | D        | Killed a cyclops
   420 | D        | Reached skill level 15 in Axes
   421 | D        | Killed a centaur warrior
   421 | D        | Reached XP level 11. HP: 117/117 MP: 20/20
   422 | D        | Killed a centaur warrior
   424 | D        | Reached skill level 15 in Shields
   428 | D        | HP: 3/117 [deep elf master archer/arrow (18)]
   429 | D        | Shot with an arrow by a deep elf master archer

Levels and vault maps discovered:
D:        sprint_v [room_start, room_1, room_2, room_3, room_4, room_5, room_6,
          room_7, room_8, room_9, room_10, room_11, room_12, room_13, room_14,
          room_15, room_16, room_17, room_18, room_19, room_20, room_21,
          room_22, room_23, room_24, room_25, room_26, room_27]

Skill      XL: |  1  2  3  4  5  6  7  8  9 10 11 |
---------------+----------------------------------+-----
Fighting       | 5 6 7 8 9 10 11 12 13 | 13.4
Axes           | 6 7 8 9 10 11 12 13 15 | 15.4
Invocations    | 4 6 8 11 13 | 13.8
Armour         | 5 6 8 9 11 12 | 12.3
Shields        | 5 6 8 11 14 15 | 15.3

Action                   |  1- 3 |  4- 6 |  7- 9 | 10-12 || total
-------------------------+-------+-------+-------+-------++-------
Melee: Broad axe         |     2 |    14 |    56 |    28 ||   100
 Abil: Heal Wounds       |       |       |     1 |       ||     1
  Use: Potion            |     1 |       |     1 |     4 ||     6
       Scroll            |       |     1 |       |     1 ||     2
Armor: Storm dragon scal |       |    11 |    39 |    15 ||    65
Dodge: Dodged            |       |     9 |    20 |     7 ||    36
Block: Shield            |       |    11 |    55 |    25 ||    91

Table legend:
 A = Non-vault XP
 B = Vault XP
 C = Vault XP percentage of total XP
 D = Non-vault monster count
 E = Vault monster count
 F = Vault count percentage of total count
                 A         B        C        D         E       F
            +---------+---------+-------+---------+---------+-------
      Total |       0 |   13619 | 100.0 |       0 |      62 | 100.0
            +---------+---------+-------+---------+---------+-------
          D |       0 |   13619 | 100.0 |       0 |      62 | 100.0
            +---------+---------+-------+---------+---------+-------
